Map: Dasan Station LE

Players

ShoWTimE

  • Race: Protoss Protoss

Elazer - Winner!

  • Race: Zerg Zerg

Event: 2016 WCS Global Finals

VOD

Have the link to the VOD?

Description

Time

  • Played on: Nov. 4, 2016, 3:59 p.m.
  • Length: 6:18

All games in this series

Show
View Real Time Build Order
Export as new Build Order

ShoWTimE Protoss 

Build Orders: 1 Gate Expand 

Get SALT Encoding   

  12  0:00  Probe (Chrono Boost)  
  13  0:11  Probe (Chrono Boost)  
  14  0:17  Pylon  
  14  0:22  Probe (Chrono Boost)  
  16  0:35  Probe (Chrono Boost)  
  16  0:38  Gateway  
  16  0:45  Assimilator  
  16  0:47  Probe (Chrono Boost)  
  17  0:58  Probe (Chrono Boost)  
  18  1:08  Probe (Chrono Boost)  
  19  1:20  Nexus  
  19  1:23  Probe (Chrono Boost)  
  20  1:35  Cybernetics Core  
  20  1:36  Probe (Chrono Boost)  
  21  1:45  Assimilator  
  21  1:46  Probe (Chrono Boost)  
  22  1:53  Pylon  
  22  1:57  Probe (Chrono Boost)  
  23  2:12  Mothership Core (Chrono Boost)  
  23  2:13  Adept  
  27  2:23  Warp Gate  
  27  2:30  Probe (Chrono Boost)  
  27  2:31  Pylon  
  27  2:33  Probe (Chrono Boost)  
  29  2:39  Stalker  
  29  2:41  Probe (Chrono Boost)  
  29  2:44  Probe (Chrono Boost)  
  34  2:51  Probe (Chrono Boost)  
  34  2:54  Probe (Chrono Boost)  
  34  2:56  Robotics Facility  
  35  3:03  Probe (Chrono Boost)  
  36  3:08  Pylon  
  36  3:10  Pylon, Sentry  
  36  3:11  Probe (Chrono Boost)  
  37  3:19  Probe (Chrono Boost)  
  38  3:22  Probe (Chrono Boost)  
  38  3:27  Gateway  
  39  3:31  Gateway  
  39  3:32  Probe (Chrono Boost)  
  40  3:36  Probe (Chrono Boost)  
  41  3:42  Observer  
  41  3:44  Probe (Chrono Boost)  
  41  3:46  Probe (Chrono Boost)  
  44  3:49  Forge  
  44  3:51  Adept  
  47  3:56  Probe (Chrono Boost)  
  47  3:59  Probe (Chrono Boost)  
  48  4:05  Immortal  
  48  4:08  Probe (Chrono Boost)  
  47  4:15  Pylon  
  51  4:22  Photon Cannon  
  51  4:29  Adept x2  
  55  4:38  Pylon  
  51  4:41  Sentry  
  31  4:57  Adept x2  
  26  5:21  Zealot  
  26  5:27  Zealot  
  23  5:36  Probe (Chrono Boost)  
  23  5:41  Probe (Chrono Boost)  
  25  5:49  Zealot  
  27  5:58  Zealot  
  27  6:02  Probe (Chrono Boost)  
  30  6:08  Probe (Chrono Boost)  
Show
View Real Time Build Order
Export as new Build Order

Elazer Zerg - Winner!

Build Orders: Hatch First 

Get SALT Encoding   

  12  0:01  Drone  
  13  0:07  Drone  
  14  0:32  Hatchery  
  13  0:36  Drone  
  14  0:43  Overlord  
  14  0:49  Drone, Extractor  
  15  1:03  Spawning Pool  
  14  1:07  Drone  
  14  1:09  Extractor  
  14  1:12  Drone  
  14  1:16  Drone  
  16  1:22  Drone  
  17  1:38  Drone  
  18  1:44  Drone  
  19  1:50  Queen  
  21  1:54  Queen  
  23  2:02  Overlord  
  23  2:03  Zergling x2  
  24  2:09  Zergling x2  
  24  2:11  Metabolic Boost  
  24  2:13  Zergling x2  
  26  2:17  Zergling x2  
  26  2:21  Zergling x2  
  26  2:22  Zergling x2  
  29  2:28  Queen  
  31  2:34  Zergling x4  
  33  2:42  Overlord  
  33  2:44  Zergling x2  
  34  2:50  Zergling x4  
  36  2:57  Overlord  
  36  3:03  Pneumatized Carapace  
  35  3:06  Zergling x4  
  36  3:15  Evolution Chamber  
  33  3:23  Zergling x2  
  33  3:24  Zergling x2  
  35  3:43  Zergling x8  
  39  3:48  Zergling x4  
  41  3:56  Zergling x6  
  41  3:59  Zergling x2  
  43  4:12  Zergling x2  
  43  4:13  Zergling x2  
  44  4:17  Zergling x2  
  44  4:18  Zergling x2  
  46  4:28  Zergling x2  
  46  4:37  Zergling x2  
  46  4:38  Zergling x2  
  45  4:51  Zergling x2  
  43  4:56  Zergling x4  
  40  5:04  Zergling x4  
  38  5:10  Zergling x2, Queen x2  
  38  5:15  Zergling x2  
  37  5:27  Zergling x2  
  37  5:28  Zergling x2  
  37  5:32  Zergling x2  
  37  5:35  Zergling x2  
  38  5:46  Zergling x2  
  38  5:47  Zergling x2  
  40  5:53  Zergling x2  
  41  5:59  Hatchery  
Tags
 
Add a new tag
Caveats
  • Supply blocks, unpowered buildings, or Contaminate may cause inaccurate times.
  • Supply counts are checked every 10 seconds.